Cogmind - Beta 15 @@@ ROGUE MODE // 2025.09.01 @ 16:18:49 Player: shapeshifter Result: Destroyed by Decapitator with Experimental Terror Saw Performance ------------- Evolutions (8) 4000 Regions Visited (12) 2400 Robots Destroyed (144) 720 Value Destroyed (7746) 7746 Prototype IDs (164) 3280 Alien Tech Used (5) 1000 Bonus (2698) 2698 TOTAL SCORE: 21844 Bonus ------- High Alert Combat Kills 928 Follower Combat Kills 829 Registered with UFD 300 Met Optimus in HQ 500 Met Optimus at Protoforge 1000 Friendly Fire -859 Cogmind --------- Core Integrity 0/1450 Matter 1/300 Energy 98/100 System Corruption 4% Temperature Cool (0) Movement Core (50) Location -2/Protoforge Parts ------- > --- POWER (2) -------- (None) > --- PROPULSION (7) --- (None) > --- UTILITY (11) ----- (None) > --- WEAPON (3) ------- (None) > --- INVENTORY (5) ---- Experimental Surge Thruster Crosscalibrator Core Stripper Peak State ------------ > --- POWER ------------ Improved Quantum Reactor Meta Core > --- PROPULSION ------- Myomer Leg Experimental VSS Leg Experimental VSS Leg Experimental VSS Leg Improved Diametric Drive Improved Diametric Drive Improved Diametric Drive Experimental Q-thruster > --- UTILITY ---------- Medium Storage Unit Advanced Energy Well Spectral Analyzer Advanced Sensor Array Experimental Signal Interpreter Experimental Core Analyzer Experimental Kinecellerator Advanced Reaction Control System Gun Armor Advanced Shield Generator A0-MCA's Component Scanner Advanced Corruption Screen > --- WEAPON ----------- Concept XC Strikerail Sigix Broadsword > --- INVENTORY -------- Advanced Heat Sink Phase Redirector Subatomic Replicator Terrabomb Terrabomb Concept XC Strikerail Ragnarok Missile Launcher Point Singularity Launcher Core Stripper [Rating: 240] Favorites ----------- Power Makeshift Power Source Engine Makeshift Power Source Power Core Meta Core Reactor Cold Fusion Reactor Propulsion Light Treads Treads Light Treads Leg Experimental VSS Leg Wheel Armored Wheel Hover Unit Experimental Gyrokinetic Inverter Flight Unit Cooled Nuclear Pulse Thruster Utility High-capacity Storage Unit Device Seismic Detector Storage High-capacity Storage Unit Processor Advanced Signal Interpreter Hackware Improved System Shield Protection Medium Reactive Plating Artifact Phase Redirector Weapon Battle Cannon Energy Gun Tesla Rifle Energy Cannon Proton Cannon Ballistic Gun Coil Gun Ballistic Cannon Battle Cannon Launcher Long-range Missile Launcher Special Weapon Improved Plasma Cutter Impact Weapon Core Stripper Slashing Weapon Makeshift Sword Piercing Weapon Experimental Jetlance Special Melee Weapon Datajack Build | -11 -10 -10 -9 -6 -6 -5 -4 -3 -3 -2 -2 -2 ------- Run | Yrd Mat Sub Scr Fac Ext Fac Fac Res Qua Res Tes Frg Slots Evolved 16 | . . . . 8 . 2 2 2 . 2 . . Power 1 | . . . . 1 . . . . . . . . Propulsion 5 | . . . . 1 . 1 2 1 . . . . Utility 9 | . . . . 6 . . . 1 . 2 . . Weapon 1 | . . . . . . 1 . . . . . . Parts Attached 201 | 8 3 15 6 20 36 27 15 11 16 5 6 33 Power 20 | 1 . 4 . 4 4 1 . 2 3 . . 1 Engine 10 | 1 . 4 . 2 3 . . . . . . . Core 4 | . . . . 1 1 1 . . 1 . . . Reactor 6 | . . . . 1 . . . 2 2 . . 1 Propulsion 54 | 2 2 5 3 4 8 7 5 3 1 . 2 12 Treads 16 | 2 . . . . 8 6 . . . . . . Leg 11 | . . . . 2 . . . . . . . 9 Wheel 12 | . 2 5 3 2 . . . . . . . . Hover 1 | . . . . . . . . . . . 1 . Flight 14 | . . . . . . 1 5 3 1 . 1 3 Utility 76 | 2 1 . 2 9 14 11 8 6 8 5 1 9 Device 38 | 1 . . . 4 6 7 5 4 4 2 1 4 Storage 7 | 1 1 . . . 1 . . 1 1 1 . 1 Processor 13 | . . . . 3 1 2 1 1 1 2 . 2 Hackware 3 | . . . . . . 1 2 . . . . . Protection 14 | . . . 2 2 6 1 . . 1 . . 2 Artifact 1 | . . . . . . . . . 1 . . . Weapon 51 | 3 . 6 1 3 10 8 2 . 4 . 3 11 Energy Gun 4 | . . . . 1 1 . . . 1 . . 1 Energy Cannon 4 | . . 1 . 1 . . . . . . 2 . Ballistic Gun 26 | 3 . 2 . 1 4 8 1 . . . . 7 Ballistic Cannon 5 | . . 2 . . 2 . . . . . . 1 Launcher 4 | . . . . . 1 . 1 . . . 1 1 Special Weapon 2 | . . . . . 1 . . . 1 . . . Impact Weapon 1 | . . . . . . . . . 1 . . . Slashing Weapon 3 | . . 1 . . 1 . . . 1 . . . Piercing Weapon 1 | . . . . . . . . . . . . 1 Special Melee Weapon 1 | . . . 1 . . . . . . . . . Unidentified Prototypes 9 | . . . . 1 . 3 . . 4 . . 1 Corrupted Parts 2 | . . . . . 2 . . . . . . . System Corruption 5 | . . . . . 5 . . . . . . . Parts Lost 58 | . . 7 . 6 21 . 2 1 . . . 21 Power 8 | . . 1 . 2 3 . . 1 . . . 1 Propulsion 14 | . . 3 . 1 5 . . . . . . 5 Utility 22 | . . . . 2 9 . 2 . . . . 9 Weapon 14 | . . 3 . 1 4 . . . . . . 6 Highest Loss Streak 10 | . . 2 . 5 4 . 1 1 . . . 10 To Critical Strikes . | . . . . . . . . . . . . . Average Backups 15 | 3 4 15 18 17 19 19 7 4 5 7 8 7 Power 1 | . 1 3 . 1 1 . . . . . . . Propulsion 1 | 1 2 3 . . . 6 1 . . . . . Utility 5 | . . 4 11 7 5 4 2 1 3 2 2 1 Weapon 3 | . 1 3 3 3 6 4 1 . 1 1 2 3 Tool/Special . | . . . . . . . . . . . . . Unused Backups 44 | . . 2 12 3 5 11 1 2 2 1 3 2 Power 3 | . . 1 1 . . . . . . . 1 . Propulsion 4 | . . . . . 2 . 1 1 . . . . Utility 21 | . . 1 7 3 . 4 . 1 2 1 1 1 Weapon 10 | . . . 4 . 3 3 . . . . . . Tool/Special 6 | . . . . . . 4 . . . . 1 1 Average Slot Usage (%) 93 | . 100 98 99 95 87 98 89 93 89 90 89 76 Engine 7 | . 14 13 14 9 5 4 . . . . . . Core 1 | . . . . 2 3 . 5 3 3 3 3 3 Reactor 1 | . . . . . . 4 1 3 4 3 3 3 Treads 9 | . 4 4 7 . 17 22 2 . . . . . Leg 1 | . . . . 2 . . . . . . . 14 Wheel 9 | . 23 22 20 14 1 . . . . . . . Flight 3 | . . . . . . . 23 32 33 30 30 8 Device 13 | . 14 14 4 14 15 16 16 14 18 22 23 14 Storage 8 | . 14 14 14 6 6 5 1 1 5 7 7 6 Processor 7 | . . . . 17 9 11 13 14 12 13 15 13 Protection 7 | . . . 9 13 13 8 . . . . . 1 Ballistic Gun 8 | . 28 20 . 2 7 15 9 7 . . . 5 Ballistic Cannon 7 | . . 5 27 4 . . . . . . . . Slashing Weapon 1 | . . . . 4 1 1 5 4 4 3 2 . Peak Build Rating 240 | 7 7 21 26 75 76 103 119 144 192 210 213 240 Average Rating 67 | 5 7 14 23 63 56 92 108 134 163 206 205 187 On Entrance 89 | . 7 7 20 25 75 62 103 119 135 192 210 204 Naked Turns 12 | . . . . . . . . . . . . 12 Heaviest Build 129 | 15 50 56 70 107 129 104 85 44 53 57 68 109 Greatest Support 168 | 40 40 40 24 36 70 108 108 59 60 61 75 168 Greatest Overweight (x) 6 | 1 1 3 6 4 5 1 . 1 . . 1 4 Average Overweight (x) 1 | . . 1 3 2 1 . . . . . . . Largest Inventory Capacity 25 | 8 20 20 20 20 20 20 20 5 8 10 10 25 Average Capacity 18 | 7 18 20 20 20 20 20 8 5 6 8 10 13 Most Carried 24 | 5 5 20 20 20 20 20 20 5 8 10 10 24 Average Carried 16 | 3 4 15 19 18 19 19 7 4 6 8 9 10 Final Capacity 25 | 8 20 20 20 20 20 20 5 5 8 10 10 25 Final Carried 22 | 4 5 20 20 20 20 20 4 5 8 10 10 22 Class Distribution -------------------- 27% | Scavenger-Mutant 23% | Mutant 16% | Derelict-Mutant 6% | Scavenger-Tank 6% | Ninja 5% | Assassin 4% | Skirmisher Dominant Class ---------------- Mutant | -10/Materials Scavenger-Mutant | -10/Subcaves Derelict-Mutant | -9/Scraptown Mutant | -6/Factory Scavenger-Mutant | -6/Extension Skirmisher | -5/Factory Hacker-Ninja | -4/Factory Hacker-Sprinter | -3/Research Ninja | -3/Quarantine Ninja | -2/Research Ninja | -2/Testing Scavenger-Mutant | -2/Protoforge Resources | -11 -10 -10 -9 -6 -6 -5 -4 -3 -3 -2 -2 -2 ----------- Run | Yrd Mat Sub Scr Fac Ext Fac Fac Res Qua Res Tes Frg Matter Collected 6169 | 340 32 489 70 225 1630 1103 . 280 193 173 131 1503 Remotely . | . . . . . . . . . . . . . Salvage Created 6452 | 84 . 536 . 264 1387 1288 83 280 193 323 263 1751 Parts 311 | 8 . 24 . 20 63 67 4 5 12 11 13 84 Haulers Intercepted 4 | . . . . . . 1 . 3 . . . . Recyclers Shooed 1 | . . . . . 1 . . . . . . . Parts Field Recycled . | . . . . . . . . . . . . . Retrieved Matter . | . . . . . . . . . . . . . Parts Self-Destructed 17 | . . 17 . . . . . . . . . . Prevented . | . . . . . . . . . . . . . Kills | -11 -10 -10 -9 -6 -6 -5 -4 -3 -3 -2 -2 -2 ------- Run | Yrd Mat Sub Scr Fac Ext Fac Fac Res Qua Res Tes Frg Combat Hostiles Destroyed 107 | . . 12 . 5 23 18 1 . . 2 4 42 Melee 11 | . . . . 3 2 1 . . . 2 1 2 Guns 58 | . . 10 . 1 6 17 . . . . . 24 Cannons 7 | . . 2 . 1 4 . . . . . . . AOE 28 | . . . . . 9 . 1 . . . 3 15 Classes Destroyed 25 | 1 . 2 . 2 8 1 . . 1 . 3 7 Worker 2 | . . . . . . . . . . . 2 . Builder 7 | . . . . . 2 2 1 . . . 2 . Tunneler 4 | 4 . . . . . . . . . . . . Hauler 4 | . . . . . . 1 . 3 . . . . Recycler 3 | . . . . . 2 . . . . 1 . . Mechanic 2 | . . . . . . . . . . . 1 1 Operator 2 | . . . . . . . . . . . 1 1 Drone 8 | . . . . . . . . . . . . 8 Watcher 5 | . . . . . 1 2 . . 1 . . 1 Swarmer 7 | . . . . . 6 . . . . . . 1 Saboteur 1 | . . . . . . . . . . . . 1 Grunt 18 | . . . . . 8 1 1 . . . 2 6 Brawler 4 | . . . . . . . . . . . . 4 Researcher 3 | . . . . . . . . . 3 . . . Sentry 11 | . . 1 . . 6 2 . . . 2 . . Hunter 19 | . . . . 3 1 6 . . . . 2 7 Programmer 16 | . . . . 2 . 9 . . . . . 5 Behemoth 2 | . . . . . 2 . . . . . . . Decapitator 1 | . . . . . . . . . . . . 1 Immortal 1 | . . . . . . . . . . . . 1 Striker 5 | . . . . . . . . . . . . 5 Executioner 2 | . . . . . . . . . . . . 2 Alpha 7 1 | . . . . . . . . . . . . 1 Subdweller 11 | . . 11 . . . . . . . . . . Elite 1 | . . . . . . . . . . . . 1 Savage 2 | . . . . . 1 1 . . . . . . Butcher 2 | . . . . . 2 . . . . . . . Best Kill Streak 8 | 2 . 1 . 1 7 5 2 2 3 2 5 8 Combat Bots Only 8 | . . 1 . 1 7 3 1 . . 1 2 8 Max Kills in Single Turn 4 | 1 . 1 . 1 4 2 2 1 1 1 3 3 Gunslinging . | . . . . . . . . . . . . . Exploded 4 | . . . . . 4 . 1 . . . 1 2 Melee 1 | . . . . 1 1 1 . . . 1 1 1 Uniques/NPCs Destroyed . | . . . . . . . . . . . . . Combat | -11 -10 -10 -9 -6 -6 -5 -4 -3 -3 -2 -2 -2 -------- Run | Yrd Mat Sub Scr Fac Ext Fac Fac Res Qua Res Tes Frg Hostile Shots Fired 1085 | . . 74 . 89 356 177 20 8 . 5 26 330 Missed 347 | . . 23 . 20 109 36 12 4 . 2 11 130 Hits 738 | . . 51 . 69 247 141 8 4 . 3 15 200 Melee 37 | . . . . . . . . . . . . 37 Projectile 701 | . . 51 . 69 247 141 8 4 . 3 15 163 AOE 1 | . . . . . . . . . . . . 1 Critical Strikes 28 | . . . . . 4 1 . . . . . 23 Part Disruptions 1 | . . . . . . . . . . . . 1 Damage Taken 13992 | . . 1028 . 1227 2659 1854 372 79 . 61 224 6488 Core 2054 | . . 122 . 133 180 137 . 23 . . 65 1394 Absorbed by Shields 1614 | . . . . . 74 502 . . . 22 81 935 Redirected to Core 116 | . . . . . . . . . . . . 116 Redirected to Shielding 38 | . . . . . . 38 . . . . . . Ignored by Resistances 394 | . . . . . 348 46 . . . . . . Regen/Repaired (Parts) 271 | . . . . . . . . . . 61 47 163 Core Remaining (%) 83 | 100 . . 51 . 63 86 100 . 98 . . . Volleys Fired 352 | 10 1 71 . 16 90 63 8 . . . 6 87 Largest 3 | 2 2 2 . 2 2 3 1 . . . 1 3 Hottest 184 | 40 40 113 . 66 123 99 46 . . . 70 184 Shots Fired 654 | 20 2 121 . 23 129 194 8 . . . 6 151 Gun 557 | 20 2 111 . 7 78 194 7 . . . . 138 Cannon 69 | . . 10 . 16 43 . . . . . . . Launcher 28 | . . . . . 8 . 1 . . . 6 13 Special . | . . . . . . . . . . . . . Kinetic 587 | 20 2 120 . 23 84 194 7 . . . . 137 Thermal 2 | . . 1 . . . . . . . . . 1 Explosive 27 | . . . . . 8 . . . . . 6 13 Electromagnetic 38 | . . . . . 37 . 1 . . . . . Robot Hit Streak 29 | 4 . 11 . 4 14 12 . . . . 4 29 Robot Miss Streak 10 | 2 2 2 . 2 10 7 . . . . . 2 Penetration Max 2 | . . . . . 2 1 . . . . . 2 Secondary Targets 6 | . . 1 . . . 3 . . . . . 2 Max Gunslinging Chain 1 | . . 1 . . . 1 . . . . . 1 Shots Hit Robots 484 | 14 . 74 1 28 83 131 2 6 5 5 6 129 Core Hits 278 | 4 . 23 . 11 78 55 4 3 3 2 13 82 Critical Kills 15 | . . 1 . . 2 1 . . . . . 11 Critical Parts Destroyed 20 | . . . . . 2 5 . . . . . 13 Critical Strikes 44 | . . 2 . 3 8 6 . . . . . 25 Destroy 41 | . . 2 . . 8 6 . . . . . 25 Sever 3 | . . . . 3 . . . . . . . . Melee Attacks 163 | . . 11 1 45 11 13 26 15 21 5 9 6 Kinetic 2 | . . . . . . . . . . . . 2 Impact . | . . . . . . . . . . . . . Slashing 160 | . . 11 . 45 11 13 26 15 21 5 9 4 Piercing . | . . . . . . . . . . . . . Sneak Attacks 17 | . . . 1 . 2 . 1 3 4 3 . 3 Combat Hostiles 2 | . . . . . . . . . . 2 . . Follow-up Attacks . | . . . . . . . . . . . . . Damage Inflicted 23784 | 176 . 1130 . 887 4136 3690 489 454 586 720 1696 9820 Guns 10408 | 176 . 1083 . 99 1223 3303 . . . . . 4524 Cannons 1078 | . . 47 . 209 822 . . . . . . . Explosions 8267 | . . . . . 1768 199 337 . . . 1276 4687 Melee 3905 | . . . . 536 323 188 152 454 586 720 420 526 Ramming 126 | . . . . 43 . . . . . . . 83 Kinetic 10906 | 176 . 1130 . 308 1321 3303 . . . . . 4668 Thermal 713 | . . . . . 269 181 263 . . . . . Explosive 7462 | . . . . . 1499 . . . . . 1276 4687 Electromagnetic 816 | . . . . . 724 18 74 . . . . . Impact . | . . . . . . . . . . . . . Slashing 3761 | . . . . 536 323 188 152 454 586 720 420 382 Piercing . | . . . . . . . . . . . . . Highest Corruption 13 | . . . . 6 13 4 . . 1 . . 4 Average Corruption 6 | . . . . 3 10 2 . . 1 . . 2 Corruption Purged . | . . . . . . . . . . . . . Corruption Blocked 2 | . . . . . . . . . . . . 2 Effects 160 | . . . . 12 105 37 . . 2 . . 4 Message Errors 34 | . . . . 3 24 6 . . . . . 1 Matter Fused 39 | . . . . 4 28 6 . . . . . 1 Heat Flow Errors 17 | . . . . 1 10 6 . . . . . . Energy Discharges 20 | . . . . 4 10 5 . . . . . 1 Parts Rejected 2 | . . . . . 1 . . . . . . 1 Parts Fused 1 | . . . . . 1 . . . . . . . Data Loss (minor) 21 | . . . . . 14 6 . . 1 . . . Data Loss (major) 12 | . . . . . 9 2 . . 1 . . . Misfires 9 | . . . . . 4 5 . . . . . . Alerts 2 | . . . . . 1 1 . . . . . . Misdirections 2 | . . . . . 2 . . . . . . . Weapon Failures 1 | . . . . . 1 . . . . . . . Overload Shots . | . . . . . . . . . . . . . Overflow Damage 1303 | . . . . 19 157 109 . 42 243 255 127 351 Projectiles 5 | . . . . . 5 . . . . . . . Explosions 483 | . . . . . 78 109 . . . . 49 247 Melee 815 | . . . . 19 74 . . 42 243 255 78 104 Knockbacks 6 | . . . . 4 2 . . . . . . . Impact 1 | . . . . 1 . . . . . . . . Kinetic 5 | . . . . 3 2 . . . . . . . Secondary . | . . . . . . . . . . . . . Self-Inflicted Damage 539 | . . . . 21 85 . . . . . . 433 Shots 8 | . . . . . 3 . . . . . . 5 Rammed 3 | . . . . 3 . . . . . . . . Targets Rammed 10 | . . . . 3 . . . . . . . 7 Kicked 7 | . . . . . . . . . . . . 7 Crushed . | . . . . . . . . . . . . . Highest Temperature 775 | . . 6 . 210 775 277 230 382 286 321 303 226 Average Temperature 108 | . . 4 . 83 168 55 127 94 45 110 80 65 Received Heat Transfer 2090 | . . 102 . . 1814 48 9 18 . 12 24 63 Effects 16 | . . . . . 15 . . . . 1 . . Shutdowns 2 | . . . . . 2 . . . . . . . Energy Bleed 1 | . . . . . 1 . . . . . . . Interference 8 | . . . . . 7 . . . . 1 . . Matter Decay 2 | . . . . . 2 . . . . . . . Short Circuit 2 | . . . . . 2 . . . . . . . Damage (minor) 1 | . . . . . 1 . . . . . . . Siege Activations . | . . . . . . . . . . . . . Martial Activations . | . . . . . . . . . . . . . Shielding Activations . | . . . . . . . . . . . . . Robots Disrupted 1 | . . . . . . 1 . . . . . . Combat Hostiles 1 | . . . . . . 1 . . . . . . Robots Corrupted 2 | . . . . . 2 . . . . . . . Combat Hostiles 2 | . . . . . 2 . . . . . . . Parts Fried 6 | . . . . . 5 . 1 . . . . . Impact Corruptions 1 | . . . . . . . . . . . . 1 Robots Melted . | . . . . . . . . . . . . . Combat Hostiles . | . . . . . . . . . . . . . Parts Melted 5 | . . 2 . . 1 . . . . . . 2 Heat Transferred 550 | . . . . . 250 100 200 . . . . . Parts Sabotaged 2 | . . . . . . . . . . . . 2 Parts Stolen . | . . . . . . . . . . . . . Parts Stripped 14 | . . . . . . . . . . . . 14 Power Chain Reactions 3 | . . . . . 3 . . . . . . . Alert | -11 -10 -10 -9 -6 -6 -5 -4 -3 -3 -2 -2 -2 ------- Run | Yrd Mat Sub Scr Fac Ext Fac Fac Res Qua Res Tes Frg Maximum Alert Level 3 | . . . . . 2 2 1 1 2 1 2 3 Low Security (%) 52 | 100 100 . . 100 46 57 88 91 4 4 23 2 Level 1 37 | . . . . . 50 36 11 8 88 95 45 49 Level 2 5 | . . . . . 2 6 . . 6 . 30 12 Level 3 4 | . . . . . . . . . . . . 35 Level 4 . | . . . . . . . . . . . . . Level 5 . | . . . . . . . . . . . . . High Security . | . . . . . . . . . . . . . Max Security . | . . . . . . . . . . . . . Peak Influence 905 | 10 . . . 64 584 410 276 325 411 308 415 905 Initial 284 | . . . . . 25 284 189 140 182 218 167 222 Average 205 | 1 . . . 7 180 201 144 157 319 236 328 505 Influence Increases 5137 | 20 . 20 . 210 1349 804 331 285 326 170 378 1244 Destroy 0b10 Robot/C 2240 | . . 20 . 100 860 380 20 . 60 40 80 680 Destroy 0b10 Robot/NC 200 | 20 . . . . 30 35 5 15 5 5 30 55 Destroy Leader 362 | . . . . 40 102 110 . 6 2 20 10 72 Allied During Kill 159 | . . . . . 153 6 . . . . . . Successful Hack 304 | . . . . . 61 19 32 42 127 . 9 14 Disable Machine 615 | . . . . 30 45 135 90 15 105 . 90 105 Destroy Structure 522 | . . . . 25 83 104 64 12 12 . 114 108 Partial Spotted 255 | . . . . . . . 15 90 15 30 30 75 Lose Combat Pursuer 480 | . . . . 15 15 15 105 105 . 75 15 135 Influence Decreases 4351 | 20 . 20 . 158 819 1000 449 228 263 260 281 853 Entered New Map 1267 | . . . . . 27 298 197 128 143 170 131 173 Time Decay 2470 | 20 . 12 . 137 527 642 222 90 110 90 150 470 Lost Part 357 | . . 8 . 21 88 . 20 10 . . . 210 Lost Ally 257 | . . . . . 177 60 10 . 10 . . . Squads Dispatched 47 | . 1 . . 7 6 11 6 5 2 2 1 6 Investigation 20 | . . . . 4 1 3 3 3 1 2 . 3 Extermination 12 | . . . . 2 . 5 1 1 1 . 1 1 Reinforcement 14 | . 1 . . 1 4 3 2 1 . . . 2 Assault 1 | . . . . . 1 . . . . . . . Garrison . | . . . . . . . . . . . . . Intercept . | . . . . . . . . . . . . . Searches Triggered . | . . . . . . . . . . . . . Construction Impeded 4 | . . . . 1 3 . . . . . . . Haulers Reinforced 2 | . . . . . . 1 . 1 . . . . Active Scanning Responses . | . . . . . . . . . . . . . Cargo Convoy Interrupts . | . . . . . . . . . . . . . Stealth | -11 -10 -10 -9 -6 -6 -5 -4 -3 -3 -2 -2 -2 --------- Run | Yrd Mat Sub Scr Fac Ext Fac Fac Res Qua Res Tes Frg Distress Signals 16 | . . . . . 6 1 1 . . . 1 7 Communications Jammed 8 | . . . . . . 2 . 2 1 . 2 1 Distress Signals 7 | . . . . . . 1 . 2 1 . 2 1 Times Spotted 254 | . 2 13 . 7 49 27 18 11 4 7 11 105 Peak Tracking Total 10 | . 1 3 . 2 7 3 8 8 1 5 2 10 Tactical Retreats 17 | . . . . 1 1 1 4 1 . 1 1 7 Traps | -11 -10 -10 -9 -6 -6 -5 -4 -3 -3 -2 -2 -2 ------- Run | Yrd Mat Sub Scr Fac Ext Fac Fac Res Qua Res Tes Frg Traps Triggered 11 | . . 1 . . 6 . 1 . . . 1 2 Indirectly . | . . . . . . . . . . . . . Trap Hack Attempts . | . . . . . . . . . . . . . Triggered . | . . . . . . . . . . . . . Disarmed . | . . . . . . . . . . . . . Reprogrammed . | . . . . . . . . . . . . . Reused . | . . . . . . . . . . . . . Traps Extracted . | . . . . . . . . . . . . . Installed . | . . . . . . . . . . . . . Triggered . | . . . . . . . . . . . . . Machines | -11 -10 -10 -9 -6 -6 -5 -4 -3 -3 -2 -2 -2 ---------- Run | Yrd Mat Sub Scr Fac Ext Fac Fac Res Qua Res Tes Frg Machines Disabled 46 | . . 1 . 2 4 9 6 1 7 . 6 10 Max in Single Turn 4 | . . 1 . 1 1 2 4 1 1 . 1 2 Garrison Access 1 | . . . . . . 1 . . . . . . Energy Cycler 1 | . . . . . 1 . . . . . . . Machines Repaired . | . . . . . . . . . . . . . Machines Dismantled . | . . . . . . . . . . . . . Machines Sabotaged . | . . . . . . . . . . . . . Overloaded Fab Kills . | . . . . . . . . . . . . . Hacking | -11 -10 -10 -9 -6 -6 -5 -4 -3 -3 -2 -2 -2 --------- Run | Yrd Mat Sub Scr Fac Ext Fac Fac Res Qua Res Tes Frg Machines Accessed 77 | . . 1 4 9 13 9 9 6 7 2 5 12 Terminals 49 | . . . . 4 12 4 6 3 7 1 4 8 Fabricators 4 | . . . . . . 2 . . . . 1 1 Repair Stations 1 | . . . . . 1 . . . . . . . Recycling Units 15 | . . . . 3 . 2 3 3 . 1 . 3 Scanalyzers 1 | . . . . 1 . . . . . . . . Garrison Access 2 | . . . . 1 . 1 . . . . . . Total Hacks 178 | . . 1 29 18 29 17 27 12 17 3 9 16 Successful 88 | . . 1 29 5 9 6 15 8 8 1 3 3 Failed 90 | . . . . 13 20 11 12 4 9 2 6 13 Catastrophic 25 | . . . . 3 6 3 1 3 1 1 1 6 Database Lockouts . | . . . . . . . . . . . . . Manual 98 | . . . . 11 17 12 18 10 9 3 7 11 Terminals 109 | . . . . 9 27 8 21 8 17 2 8 9 Fabricators 6 | . . . . . . 4 . . . . 1 1 Repair Stations 2 | . . . . . 2 . . . . . . . Recycling Units 27 | . . . . 6 . 4 6 4 . 1 . 6 Scanalyzers 2 | . . . . 2 . . . . . . . . Garrison Access 2 | . . . . 1 . 1 . . . . . . Terminal Hacks 47 | . . 1 29 . 1 . 7 3 4 . . 2 Record 23 | . . . 22 . . . . . 1 . . . Robot Analysis 8 | . . . 7 . . . . . 1 . . . Prototype ID Bank 2 | . . . . . . . 1 . 1 . . . Open Door 1 | . . . . . 1 . . . . . . . Level Access Points 2 | . . . . . . . 1 1 . . . . Branch Access Points 2 | . . . . . . . 1 1 . . . . Emergency Access Points 2 | . . . . . . . . 1 . . . 1 Alert Level 1 | . . . . . . . 1 . . . . . Registered Components 1 | . . . . . . . 1 . . . . . Registered Prototypes 1 | . . . . . . . 1 . . . . . Zone Layout 2 | . . . . . . . 1 . 1 . . . Proto ID Catalog 2 | . . 1 . . . . . . . . . 1 Fabricator Hacks 1 | . . . . . . 1 . . . . . . Build 1 | . . . . . . 1 . . . . . . Repair Station Hacks . | . . . . . . . . . . . . . Recycling Unit Hacks . | . . . . . . . . . . . . . Scanalyzer 2 | . . . . 2 . . . . . . . . Insert Component 2 | . . . . 2 . . . . . . . . Garrison Access Hacks 1 | . . . . . . 1 . . . . . . Seal Access 1 | . . . . . . 1 . . . . . . Unauthorized Hacks 37 | . . . . 3 8 4 8 5 4 1 3 1 Terminals 25 | . . . . 1 8 2 5 2 4 . 3 . Assimilate 2 | . . . . . 1 . . . 1 . . . Botnet 7 | . . . . . 1 . 1 1 2 . 2 . Skim 16 | . . . . 1 6 2 4 1 1 . 1 . Fabricators . | . . . . . . . . . . . . . Repair Stations . | . . . . . . . . . . . . . Recycling Units 12 | . . . . 2 . 2 3 3 . 1 . 1 Fedlink 12 | . . . . 2 . 2 3 3 . 1 . 1 Scanalyzers . | . . . . . . . . . . . . . Garrison Access . | . . . . . . . . . . . . . Data Cores Recovered . | . . . . . . . . . . . . . Used . | . . . . . . . . . . . . . Hacking Detections 59 | . . . . 8 13 6 6 4 7 1 4 10 Full Trace Events 7 | . . . . 2 1 . . . 1 1 . 2 Feedback Events 2 | . . . . . . . . . 1 . . 1 Corruption 2 | . . . . . . . . . 1 . . 1 Feedback Blocked . | . . . . . . . . . . . . . Robot Schematics Acquired 1 | . . . . . . . . . 1 . . . Robots Built . | . . . . . . . . . . . . . Authchips . | . . . . . . . . . . . . . Time . | . . . . . . . . . . . . . Total Robot Build Rating . | . . . . . . . . . . . . . Part Schematics Acquired 12 | . . . . . . . . . 12 . . . Parts Built 2 | . . . . . . 2 . . . . . . Authchips . | . . . . . . . . . . . . . Time 117 | . . . . . . 117 . . . . . . Total Part Build Rating 14 | . . . . . . 14 . . . . . . Parts Repaired . | . . . . . . . . . . . . . Time . | . . . . . . . . . . . . . Parts Recycled . | . . . . . . . . . . . . . Recycled Matter . | . . . . . . . . . . . . . Retrieved Matter . | . . . . . . . . . . . . . Retrieved Components . | . . . . . . . . . . . . . Parts Scanalyzed . | . . . . . . . . . . . . . Part Schematics Acquired . | . . . . . . . . . . . . . Parts Damaged . | . . . . . . . . . . . . . Bothacking | -11 -10 -10 -9 -6 -6 -5 -4 -3 -3 -2 -2 -2 ------------ Run | Yrd Mat Sub Scr Fac Ext Fac Fac Res Qua Res Tes Frg Used RIF Installer . | . . . . . . . . . . . . . Robots Hacked 1 | . . . 1 . . . . . . . . . Non-combat 1 | . . . 1 . . . . . . . . . Combat . | . . . . . . . . . . . . . Robot Hacks Applied 1 | . . . 1 . . . . . . . . . parse_system 1 | . . . 1 . . . . . . . . . Relay Couplers Released 3 | . . . . 3 . . . . . . . . Programmers 3 | . . . . 3 . . . . . . . . Fabnet Peak Effective % . | . . . . . . . . . . . . . Robots Rewired 11 | . . . . . 11 . . . . . . . Allies Hacked . | . . . . . . . . . . . . . Hacks Repelled . | . . . . . . . . . . . . . Allies | -11 -10 -10 -9 -6 -6 -5 -4 -3 -3 -2 -2 -2 -------- Run | Yrd Mat Sub Scr Fac Ext Fac Fac Res Qua Res Tes Frg Total Allies 21 | . . . . . 20 . . . 1 . . . Largest Group 4 | . . . . . 4 4 . . 1 . . . Highest-Rated Group 235 | . . . . . 235 235 . . 24 . . . Highest-Rated Ally 159 | . . . . . 159 159 . . 24 . . . Total Orders 5 | . . . . . . 4 1 . . . . . EXPLORE 5 | . . . . . . 4 1 . . . . . Ally Attacks 128 | . . . . . 119 9 . . . . . . Total Damage 3193 | . . . . . 2968 225 . . . . . . Kills 25 | . . . . . 22 3 . . . . . . Allies Corrupted . | . . . . . . . . . . . . . Allies Melted 1 | . . . . . . . . . . . . 1 Intel | -11 -10 -10 -9 -6 -6 -5 -4 -3 -3 -2 -2 -2 ------- Run | Yrd Mat Sub Scr Fac Ext Fac Fac Res Qua Res Tes Frg Active Infowar (turns) 12404 | 4 106 2679 899 1331 2521 2310 460 184 229 187 309 1185 Optics 6174 | . . . . . 1310 2310 460 184 229 187 309 1185 Sensors 4350 | . . . . 1331 409 1235 352 . 195 187 309 332 Terrain 366 | . . . . 366 . . . . . . . . Seismic 3688 | 4 106 2679 899 . . . . . . . . . Jamming 2851 | . . . . 750 . 939 76 113 226 175 309 263 ECM 959 | . . . . . 959 . . . . . . . Robot Analysis Total 8 | . . . 7 . . . . . 1 . . . Derelict Logs Recovered 5 | . . . 5 . . . . . . . . . Drone Launches 8 | . . . . . . 5 3 . . . . . Drone Recoveries 5 | . . . . . . 3 2 . . . . . Exploration | -11 -10 -10 -9 -6 -6 -5 -4 -3 -3 -2 -2 -2 ------------- Run | Yrd Mat Sub Scr Fac Ext Fac Fac Res Qua Res Tes Frg Turns Passed 14878 | 136 106 2679 2908 1331 2842 2310 460 184 229 187 309 1197 Spaces Moved 11175 | 68 77 1685 1764 664 944 998 618 523 828 534 904 1568 Core 81 | 24 . . . . . . . . . . . 57 Treads 2237 | 44 2 178 153 . 840 998 22 . . . . . Legs 554 | . . . . . . . . . . . . 554 Wheels 3961 | . 75 1507 1611 664 104 . . . . . . . Hover . | . . . . . . . . . . . . . Flight 4342 | . . . . . . . 596 523 828 534 904 957 Fastest Speed 5 | 50 90 105 120 105 150 160 5 5 7 5 5 5 Average Speed 99 | 121 104 138 154 126 230 168 26 15 12 11 11 41 Slowest Speed 342 | 160 160 320 320 150 320 240 170 89 15 12 82 342 Overloaded Moves 337 | . . . . . . . 47 113 23 10 62 82 Propulsion Burnouts . | . . . . . . . . . . . . . Robots Hopped 14 | . . . . . . . . 3 3 3 1 4 Potential Cave-ins 50 | . . . . . . . 6 . . . 10 34 Cave-ins Triggered 1 | . . . . . . . . . . . . 1 Exploration Rate (%) 42 | 5 19 63 88 16 80 24 21 17 70 15 83 56 Regions Visited 12 Branch Regions 6 Pre-discovered Areas 2 | . . . 1 1 . . . . . . . . Known Exits Taken 8 | . . . . 1 1 1 1 1 1 1 1 . Unknown Exits Taken 4 | 1 1 1 1 . . . . . . . . . Scrap Searched 7 | . . 3 4 . . . . . . . . . Spaces Dug 75 | . . . . 25 2 6 30 6 6 . . . Terrain Destroyed 394 | . . . . 26 116 59 37 6 6 . 71 73 Melee 66 | . . . . 25 2 6 21 6 6 . . . Projectile 79 | . . . . 1 8 28 9 . . . . 33 AOE 247 | . . . . . 106 23 7 . . . 71 40 Terrain Rammed . | . . . . . . . . . . . . . Walls Destroyed . | . . . . . . . . . . . . . Machines Disabled . | . . . . . . . . . . . . . Actions | -11 -10 -10 -9 -6 -6 -5 -4 -3 -3 -2 -2 -2 --------- Run | Yrd Mat Sub Scr Fac Ext Fac Fac Res Qua Res Tes Frg Total 14128 | 100 98 1886 1951 1083 1483 1467 867 597 922 643 1083 1948 Wait 1602 | 5 17 73 126 295 186 287 179 35 25 95 137 142 Move 11137 | 67 76 1684 1763 663 943 997 617 516 821 527 901 1562 Hop 12 | . . . . . . . . 3 3 3 1 2 Pick Up 187 | 10 1 25 26 19 35 23 1 4 10 4 3 26 Fast Attach 71 | 1 . . 2 4 9 12 4 9 8 3 8 11 Attach 110 | 6 . 7 2 11 28 8 7 2 7 . 2 30 Detach 22 | . . . . . 7 2 . 1 4 . 2 6 Swap 97 | 1 3 11 4 19 10 23 7 2 8 2 2 5 Drop 190 | . . 4 27 8 23 39 18 10 14 4 12 31 Fire 352 | 10 1 71 . 16 90 63 8 . . . 6 87 Melee 163 | . . 11 1 45 11 13 26 15 21 5 9 6 Ram 3 | . . . . 3 . . . . . . . . Kick 7 | . . . . . . . . . . . . 7 Crush . | . . . . . . . . . . . . . Escape Stasis 33 | . . . . . 10 . . . . . . 23 Rewire 131 | . . . . . 131 . . . . . . . Trap . | . . . . . . . . . . . . . Miscellaneous 11 | . . . . . . . . . 1 . . 10 Route ------- -11/Scrapyard -10/Materials -10/Subcaves (discovered 4 exits: [*Mat x2] / *Scr x2) -9/Scraptown (discovered 2 exits: *Fac x2) -6/Factory -6/Extension (discovered 3 exits: *Fac x2 / [*Cet]) -5/Factory -4/Factory (discovered 7 exits: *Res x4 / *Upp x2 / Arm) -3/Research (discovered 5 exits: *Res x3 / *Qua x2) -3/Quarantine -2/Research -2/Testing (discovered 3 exits: *Acc / [*Sec] / *Frg) -2/Protoforge History --------- Turn | Location | Event 7 | -11/Scrapyard | Discovered new exit (range 15) 137 | -11/Scrapyard | Entered Materials 138 | -10/Materials | Met a group of wandering Federalists 228 | -10/Materials | Discovered new exit (range 8) 243 | -10/Materials | Entered Subcaves 244 | -10/Subcaves | Continued accompanying wandering Federalists (4) 244 | -10/Subcaves | Approached by a straggling Scientist 259 | -10/Subcaves | Ambushed by Subdwellers from Twisted Machinery 307 | -10/Subcaves | Build established: Mutant 464 | -10/Subcaves | Wandering Federalist uncovered a shortcut to Scraptown 513 | -10/Subcaves | Visited 4L-MR0's lab 530 | -10/Subcaves | Found Gun Armor 589 | -10/Subcaves | Discovered new exit (range 4) 695 | -10/Subcaves | Scientist uncovered a shortcut to Scraptown 782 | -10/Subcaves | A swath of the cavern ceiling suddenly collapsed 954 | -10/Subcaves | Build established: Scavenger-Mutant 1299 | -10/Subcaves | Build established: Mutant 1413 | -10/Subcaves | A Subdweller sparked back to life 1506 | -10/Subcaves | Found Meta Core 1627 | -10/Subcaves | Shifting Twisted Machinery released Battle Rifle 1630 | -10/Subcaves | Shifting Twisted Machinery released Spk. Treads 1862 | -10/Subcaves | Build established: Scavenger-Mutant 1956 | -10/Subcaves | Shifting Twisted Machinery released Mak. Power Source 2364 | -10/Subcaves | Shifting Twisted Machinery released Hvy. Riot Gun 2375 | -10/Subcaves | Discovered new exit (range 12) 2385 | -10/Subcaves | Shifting Twisted Machinery released Sub. Beam Cannon 2646 | -10/Subcaves | A swath of the cavern ceiling suddenly collapsed 2853 | -10/Subcaves | Build established: Mutant 2922 | -10/Subcaves | Entered Scraptown 3024 | -9/Scraptown | Scanned Subdweller tech in exchange for log data 3030 | -9/Scraptown | Learned location of 1 exit from Lower Caves 3032 | -9/Scraptown | Learned location of Extension (-6) 3033 | -9/Scraptown | Learned Research security intel 3034 | -9/Scraptown | Learned Factory trap positions 3036 | -9/Scraptown | Learned Factory non-interactive machine intel 3046 | -9/Scraptown | Heard Great Nut preacher, LISTEN AND RECITE! 3047 | -9/Scraptown | Discovered new exit (range 13) 3923 | -9/Scraptown | Visited Comm Corps 3956 | -9/Scraptown | Visited UFD Registry 3956 | -9/Scraptown | Registered with UFD as "Nullframe" 3968 | -9/Scraptown | Visited Artisan Demo Area 3988 | -9/Scraptown | Visited The Evicted 4000 | -9/Scraptown | Build established: Derelict-Mutant 4053 | -9/Scraptown | Visited TADAMA 4080 | -9/Scraptown | Visited IN-MT5's Study 4124 | -9/Scraptown | Visited SPCMW 4163 | -9/Scraptown | Visited Cyclists 4175 | -9/Scraptown | Entered Cyclist Reading Room 4268 | -9/Scraptown | Visited Curators Association 4292 | -9/Scraptown | Visited Chapter 10 4323 | -9/Scraptown | Visited A0-MCA Data Center 4372 | -9/Scraptown | Delivered Scrap Shield to a Scientist 4460 | -9/Scraptown | Visited Infowarlord's Domain 4482 | -9/Scraptown | Visited Scrap Suit Storage 4507 | -9/Scraptown | Visited Analyses Database 4536 | -9/Scraptown | Visited Observation Area 4609 | -9/Scraptown | Visited Scrapoid Research Area 4638 | -9/Scraptown | Visited Abandonware Association 4655 | -9/Scraptown | Learned abandonware demo "SHUTEYE.EXE" 4655 | -9/Scraptown | Learned abandonware demo "ERRANTS.EXE" 4696 | -9/Scraptown | Visited DA-N13 Charitable Foundation 4711 | -9/Scraptown | Found DCF Scrap (27 items) 4827 | -9/Scraptown | Given a B+ rating by A0-MCA 4829 | -9/Scraptown | Found A0-MCA's Component Scanner 4941 | -9/Scraptown | Found Exp. Sensor Array 5489 | -9/Scraptown | Found Scrap Suit 5772 | -9/Scraptown | Met Optimus 5772 | -9/Scraptown | Accepted into 0bPrime 5826 | -9/Scraptown | Discovered new exit (range 5) 5830 | -9/Scraptown | Entered Factory 5830 | -6/Factory | Evolved 8 slots: Power x1, Propulsion x1, Utility x6 5831 | -6/Factory | Loaded intel: 61 trap records 5832 | -6/Factory | Loaded intel: 212 non-interactive machine locations 5872 | -6/Factory | Loaded intel: 8 recycling unit locations 6062 | -6/Factory | Learned location of Protoforge (-2) 6130 | -6/Factory | Build established: Derelict-Assassin 6490 | -6/Factory | Build established: Derelict-Mutant 6649 | -6/Factory | Lost 5 parts (2p1n1u1w) 6857 | -6/Factory | Build established: Mutant 7143 | -6/Factory | Discovered new exit (range 12) 7158 | -6/Factory | Identified exit to Extension 7161 | -6/Factory | Entered Extension 7603 | -6/Extension | Lost 3 parts (1u2w) 7905 | -6/Extension | System corruption reached 10% 8128 | -6/Extension | Spotted B-75 Beast 8165 | -6/Extension | Lost 6 allies 8205 | -6/Extension | Build established: Scavenger-Mutant 8233 | -6/Extension | Spotted B-75 Beast 8285 | -6/Extension | Lost 4 parts (1p2u1w) 8290 | -6/Extension | Destroyed B-75 Beast 8293 | -6/Extension | Destroyed B-75 Beast 8311 | -6/Extension | Disrupted transfer network 8319 | -6/Extension | Lost 3 parts (1n1u1w) 8459 | -6/Extension | Rescued a captive Derelict 8460 | -6/Extension | Rescued a captive Derelict 8523 | -6/Extension | Destroyed 7 combat bots 8526 | -6/Extension | Lost 3 parts (1p2n) 8589 | -6/Extension | Energy Cycler disabled 8590 | -6/Extension | Rescued a captive Derelict 8590 | -6/Extension | Rescued a captive Derelict 8590 | -6/Extension | Rescued a captive Derelict 8590 | -6/Extension | Rescued a captive Derelict 8591 | -6/Extension | Rescued a captive Derelict 8592 | -6/Extension | Rescued a captive Derelict 8593 | -6/Extension | Rescued a captive Derelict 8593 | -6/Extension | Rescued a captive Derelict 8594 | -6/Extension | Rescued a captive Derelict 8597 | -6/Extension | Rescued a captive Derelict 8603 | -6/Extension | Rescued a captive Derelict 8661 | -6/Extension | Lost 3 allies 8795 | -6/Extension | Discovered new exit (range 18) 8881 | -6/Extension | Rescued A7 9933 | -6/Extension | Discovered new exit (range 10) 9935 | -6/Extension | Discovered new exit (range 6) 9961 | -6/Extension | First assault squad dispatched 9970 | -6/Extension | Identified exit to Factory 10003 | -6/Extension | Entered Factory 10003 | -5/Factory | Accompanied by 4 allies (A7) 10003 | -5/Factory | Evolved 2 slots: Propulsion x1, Weapon x1 10302 | -5/Factory | Build established: Scavenger-Tank 10802 | -5/Factory | Fabricated Imp. Remote Force Field? 11434 | -5/Factory | Loaded intel: 8 recycling unit locations 11638 | -5/Factory | Build established: Skirmisher 12251 | -5/Factory | Discovered new exit (range 8) 12262 | -5/Factory | Identified exit to Factory 12313 | -5/Factory | Entered another Factory area 12313 | -4/Factory | Evolved 2 slots: Propulsion x2 12340 | -4/Factory | Build established: Assassin 12426 | -4/Factory | Loaded intel: 8 recycling unit locations 12432 | -4/Factory | Discovered new exit (range 7) 12433 | -4/Factory | Identified exit to Upper Caves 12440 | -4/Factory | Identified exit to Armory 12725 | -4/Factory | Identified exit to Research 12773 | -4/Factory | Entered Research 12773 | -3/Research | Evolved 2 slots: Propulsion x1, Utility x1 12852 | -3/Research | Loaded intel: 5 recycling unit locations 12929 | -3/Research | Identified exit to Research 12929 | -3/Research | Identified exit to Quarantine 12955 | -3/Research | Spotted B-90 Cyclops 12957 | -3/Research | Entered Quarantine 12972 | -3/Quarantine | Attached Meta Core, gained temporary slots: Propulsion, Utility, Weapon 13011 | -3/Quarantine | Found Spectral Analyzer 13036 | -3/Quarantine | Found Alien Impact Weapon 13036 | -3/Quarantine | Identified Core Stripper 13042 | -3/Quarantine | Discovered exit to Research (range 16) 13053 | -3/Quarantine | Found Alien Slashing Weapon 13066 | -3/Quarantine | Identified Sigix Broadsword 13093 | -3/Quarantine | Found Alien Reactor 13093 | -3/Quarantine | Identified Matter Drive 13111 | -3/Quarantine | Found Alien Artifact 13111 | -3/Quarantine | Identified Phase Redirector 13131 | -3/Quarantine | Found Alien Artifact 13164 | -3/Quarantine | Found Alien Artifact 13171 | -3/Quarantine | Found Alien Artifact 13177 | -3/Quarantine | Found Alien Artifact 13186 | -3/Quarantine | Entered Research 13186 | -2/Research | Evolved 2 slots: Utility x2 13266 | -2/Research | Build established: Ninja 13306 | -2/Research | Loaded intel: 5 recycling unit locations 13328 | -2/Research | Found Exp. Signal Interpreter 13343 | -2/Research | Discovered new exit (range 12) 13344 | -2/Research | Identified exit to Testing 13373 | -2/Research | Entered Testing 13419 | -2/Testing | Found Hpw. Disruptor Cannon 13440 | -2/Testing | Found Point Singularity Launcher 13442 | -2/Testing | Found Ragnarok Missile Launcher 13584 | -2/Testing | Found Exp. Hardlight Generator 13637 | -2/Testing | Found Disintegrator 13643 | -2/Testing | Discovered new exit (range 8) 13644 | -2/Testing | Identified exit to Access 13657 | -2/Testing | Spotted Fortress 13671 | -2/Testing | Discovered new exit (range 6) 13671 | -2/Testing | Discovered new exit (range 7) 13674 | -2/Testing | Identified exit to Protoforge 13682 | -2/Testing | Entered Protoforge 13704 | -2/Protoforge | Spotted B-90 Cyclops 13753 | -2/Protoforge | Spotted Hotshot 13753 | -2/Protoforge | Spotted Hotshot 13813 | -2/Protoforge | Spotted AP7-3 13814 | -2/Protoforge | Spotted AP7-3 13831 | -2/Protoforge | Spotted Hotshot 13872 | -2/Protoforge | Spotted Overlord 13877 | -2/Protoforge | Superfortress began startup sequence 13880 | -2/Protoforge | Spotted EXE-6 13881 | -2/Protoforge | Spotted EXE-6 13881 | -2/Protoforge | Spotted Decapitator 13881 | -2/Protoforge | Spotted Decapitator 13909 | -2/Protoforge | UFD initiated attack on Protoforge 13909 | -2/Protoforge | Loaded intel: 3 recycling unit locations 13927 | -2/Protoforge | Destroyed AP7-3 13935 | -2/Protoforge | Spotted EXE-6 13945 | -2/Protoforge | Optimus greeted in Protoforge 13961 | -2/Protoforge | P-80 Master assimilated allied 02F04-D 13965 | -2/Protoforge | Found Cep. XC Strikerail 13995 | -2/Protoforge | Found Exp. Core Analyzer 14000 | -2/Protoforge | Found Exp. Kinecellerator 14010 | -2/Protoforge | Lost 5 allies 14020 | -2/Protoforge | Found Cep. XC Strikerail 14040 | -2/Protoforge | Met 7R-MNS 14157 | -2/Protoforge | Found Cep. Recoil Nullifier 14294 | -2/Protoforge | Spotted Striker 14295 | -2/Protoforge | Spotted Striker 14295 | -2/Protoforge | Spotted Executioner 14305 | -2/Protoforge | Destroyed Striker 14320 | -2/Protoforge | Destroyed Executioner 14333 | -2/Protoforge | Spotted Executioner 14334 | -2/Protoforge | Spotted Striker 14335 | -2/Protoforge | Destroyed Executioner 14347 | -2/Protoforge | Spotted Executioner 14348 | -2/Protoforge | Spotted Executioner 14352 | -2/Protoforge | Spotted Executioner 14354 | -2/Protoforge | Spotted Executioner 14356 | -2/Protoforge | Destroyed 7 combat bots 14360 | -2/Protoforge | Found UFD Drillbomb 14377 | -2/Protoforge | Found 0bPrime Scrap Suit 14391 | -2/Protoforge | Forge Plexus network access discovered 14395 | -2/Protoforge | Spotted Striker 14395 | -2/Protoforge | Spotted Striker 14401 | -2/Protoforge | Destroyed Striker 14415 | -2/Protoforge | Spotted Striker 14418 | -2/Protoforge | Spotted Striker 14418 | -2/Protoforge | Destroyed Striker 14424 | -2/Protoforge | Destroyed Striker 14460 | -2/Protoforge | Lost 10 allies 14469 | -2/Protoforge | Spotted Hotshot 14470 | -2/Protoforge | Spotted Hotshot 14484 | -2/Protoforge | Destroyed 8 combat bots 14486 | -2/Protoforge | Installed UFD Drillbomb at designated target 14486 | -2/Protoforge | UFD reported confirmed Drillbomb installation 14503 | -2/Protoforge | UFD reported confirmed Drillbomb installation 14504 | -2/Protoforge | Spotted Decapitator 14507 | -2/Protoforge | Spotted Decapitator 14507 | -2/Protoforge | Spotted Decapitator 14524 | -2/Protoforge | Destroyed Decapitator 14567 | -2/Protoforge | Lost 3 allies 14609 | -2/Protoforge | Spotted Immortal 14609 | -2/Protoforge | Spotted Immortal 14616 | -2/Protoforge | Spotted Hotshot 14621 | -2/Protoforge | Destroyed Immortal 14630 | -2/Protoforge | Spotted Striker 14630 | -2/Protoforge | Spotted Striker 14631 | -2/Protoforge | Spotted Executioner 14646 | -2/Protoforge | Found Exp. Jetlance 14664 | -2/Protoforge | Spotted Executioner 14666 | -2/Protoforge | Identified Terrabomb (x2) 14666 | -2/Protoforge | Used Terrabomb 14666 | -2/Protoforge | Spotted Striker 14680 | -2/Protoforge | Crushed by falling debris 14680 | -2/Protoforge | Lost 7 allies 14682 | -2/Protoforge | Spotted Immortal 14685 | -2/Protoforge | Spotted Immortal 14712 | -2/Protoforge | Used Terrabomb 14712 | -2/Protoforge | Additional patrols dispatched to research labs 14719 | -2/Protoforge | Found Cep. XC Strikerail 14721 | -2/Protoforge | Spotted Striker 14722 | -2/Protoforge | Found Cep. XC Strikerail 14724 | -2/Protoforge | Found Cep. XC Strikerail 14725 | -2/Protoforge | Spotted Striker 14728 | -2/Protoforge | Lost 6 parts (4u2w) 14748 | -2/Protoforge | Found Crosscalibrator 14755 | -2/Protoforge | Destroyed Striker 14786 | -2/Protoforge | Spotted Immortal 14791 | -2/Protoforge | Spotted Immortal 14818 | -2/Protoforge | Spotted Decapitator 14819 | -2/Protoforge | Spotted Decapitator 14819 | -2/Protoforge | Spotted Decapitator 14833 | -2/Protoforge | Core integrity fell below 50% 14835 | -2/Protoforge | Lost 10 parts (1p4n2u3w) 14847 | -2/Protoforge | Found Cep. Fieldthrust Drive 14848 | -2/Protoforge | Spotted V028-b 14850 | -2/Protoforge | Spotted V099-t 14851 | -2/Protoforge | Core integrity fell below 20% 14855 | -2/Protoforge | Spotted V706-g 14855 | -2/Protoforge | Spotted V972-j 14878 | -2/Protoforge | Spotted Decapitator 14878 | -2/Protoforge | Spotted Decapitator 14878 | -2/Protoforge | Spotted Decapitator 14879 | -2/Protoforge | Destroyed by Decapitator with Experimental Terror Saw Last Messages --------------- 14834_ Stasis field depleted. 14837_ Research Cell breached. 14838_ Critical hit (Impale). 14841_ Sigix Broadsword destroyed. 14843_ Critical hit (Impale). 14847_ Acquired Cep. Fieldthrust Drive. 14849_ Acquired Exp. Surge Thruster. 14850_ Exp. Surge Thruster severed. 14855_ V099-t springs to life. 14855_ V028-b springs to life. 14856_ V972-j springs to life. 14856_ V706-g springs to life. 14859_ Cep. Fieldthrust Drive severed. 14864_ Immortal Cep. Antimissile System blasted off. 14864_ Immortal knocked back. 14865_ Acquired 2 matter. 14867_ Spectral Analyzer severed. 14871_ Exp. Surge Thruster severed. 14872_ Acquired Exp. Surge Thruster. Map ----- +----------------------------------------------------+ | ????????????????????]??????????????????????#" | | ????????????????????/??????????????????????#"" | | ???????????????????????????????????????????#"""" | | ???????????????????????????????????????????#"""" | | ???????????????????/[??????????????????????#"" | | ???????????????????[]??????????????????????#" | | ???????????????????[[???????????????????????# | | ????????????????????????????????????????????###""" | | ?????????????????????????????????????????????#"==" | | ?????????????????????????????????????????????#" =" | | ?????????????????????????? ?????????????????#"==" | | ?????????????????????????? ?????????????????#"==" | | ?????????????????????????? ?????????????????#" " | | ?????????????????????????# #????????????????#"==" | | ?????????????????????????# ????????????????#"= " | | ?????????????????????????# ????????????????#"==" | | ?????????????????????????# ????????????????#"== | | ?????????????????????????# ????????????????#"""# | | ?????????????????????????# #????????????????##### | | ?????????????????????????# #????????????????????# | | ?????????????????????????# #????????????????????# | | ?????????????????????????# #????????????????????# | | ?????????????????????????# #????????????????????# | | ?????????????????????????# #????????????????????# | | ?????????????????######### ###################### | | ??????????????# @c c [ | | ??????????????# | | ??????????????# | | ??????????????# ####################++########### | | ?????????????????????????????????# " ="#??????? | | ?????????????????????????????????# ="#??????? | | ???????????????????????????????#?# ="#?###??? | | ???????????????????????????????# #" ="### #??? | | ?????????!????????????????????## !" "" ###? | | ????????????????????????????#### * " "" ## | | ????????????!?????????????### # =! " "" | | ?????????????????????????## # """ | | ????????????????????????## # """" | | ???????????????????????## # # | | ??????????????????????"# # ### # | | ????????????????????? "" ## # | | #####?????????????? "" ## | | #####???????????? "" """"""""""""""""!"""""""" | | #?????????????????? "" " | | #??????????????????""""" " """"""""""""""""""%"""" | | #??????????????????##""" " " # # | | ???????????????????# " " # | | #??????????????????#"""""" " | | #####??????????????# " # ## | | ???##??????????????#"""""""" # " | +----------------------------------------------------+ Best States ------------- Heat Dissipation 86 Coolant Potential 100 Energy Generation 49 Energy Capacity 930 Matter Stores 448 Matter Capacity 550 Sight Range 24 Robot Scan Range 20 Terrain Scan Range 20 Terrain Scan Density 110 ECM Strength 1 Jamming Range 14 Power Amplification 40 Additional Mass Support 9 Corruption Block 20 Armor Coverage 675 Resistance: KI 30 Resistance: EM 15 Power Shielding 66 Propulsion Shielding 66 Melee Speed Boost 20 Phase Shifting 5 Evasion (%) 80 Target Analysis 6 Core Analysis 8 Recoil Reduction 4 Kinecelleration 66 Offensive Hacking 12 Defensive Hacking 14 Item Schematics ----------------- Exp. Utility Shielding | -3/Quarantine | Archive Exp. Thermal Generator | -3/Quarantine | Archive Hvy. Wave Gun | -3/Quarantine | Archive Tactical Quantum Warhead | -3/Quarantine | Archive Imp. Particle Accelerator | -3/Quarantine | Archive Adv. Matter Compressor | -3/Quarantine | Archive Cld. Impulse Thruster | -3/Quarantine | Archive Exp. Power Amplifier | -3/Quarantine | Archive Enh. Fission Core | -3/Quarantine | Archive Imp. Matter Neutralizer | -3/Quarantine | Archive Cld. Phase Gun | -3/Quarantine | Archive Hvy. Dispersion Rifle | -3/Quarantine | Archive Robot Schematics ------------------ S-43 Plague | -3/Quarantine | Archive Fabricated ------------ Imp. Remote Force Field | x2 | -5/Factory | Preloaded Repaired ---------- Nothing Alien Tech Used ----------------- Core Stripper Sigix Broadsword Matter Drive Phase Redirector Terrabomb Achievements -------------- Speed Demon Sunderer Supersonic Whoosh! Challenges ------------ None Game ------ Seed ChainArchitectLegs Manual? 0 Play Time 05:02:09 Cumulative 248.4 hours Start 2025.09.01 @ 09:56:23 End 2025.09.01 @ 16:18:49 Sessions 1 Manual Loads 0 Difficulty Rogue Special Mode None Game No. 360 Rogue 360 Adventurer 0 Explorer 0 Win Type - Total 5 Types 4/0/1/0/0/0/0/0/0/0 Lore% 82 Gallery% 79 Achievement% 61 Wizard Run 0 Options --------- Layout 1 ASCII 0 Keyboard 0 Movement Mouse Keybinds 0 Fullscreen 1 Font 24/Smallcaps Map View 50x40 Zoom Use 0% Tactical HUD 1 Map Filters NONE Filters NONE Steam 1 RUN: 7320dee7-19bb-43ec-92b0-eab8382d3195